 Dungeon Crawl Stone Soup version 0.27.1 (webtiles) character file.

Game seed: 5760542468505841923

848 bnorton916 the Conjurer (level 7, -4/36 HPs)
             Began as a Deep Elf Conjurer on Aug 22, 2021.
             Slain by Duvessa (7 damage)
             ... on level 4 of the Dungeon.
             The game lasted 00:06:56 (4087 turns).

bnorton916 the Conjurer (Deep Elf Conjurer)         Turns: 4087, Time: 00:06:56

Health: -4/36      AC:  5    Str:  5    XL:     7   Next: 69%
Magic:  19/25      EV: 12    Int: 24    God:
Gold:   189        SH:  0    Dex: 13    Spells: 2/16 levels left

rFire    . . .     SeeInvis .   (no weapon)
rCold    . . .     Faith    .   (no shield)
rNeg     . . .     Spirit   .   a - +0 robe
rPois    .         Reflect  .   k - +2 hat
rElec    .         Harm     .   p - +0 cloak
rCorr    .         Rampage  .   (no gloves)
Will     .....                  (no boots)
Stlth    ++........             c - amulet of the acrobat
HPRegen  0.12/turn              i - ring of magical power
MPRegen  0.19/turn              (no ring)

@: no status effects
A: no striking features
a: no special abilities


You were on level 4 of the Dungeon.
You visited 1 branch of the dungeon, and saw 4 of its levels.

You collected 189 gold pieces.

Inventory:

Hand Weapons
 o - a +1 dagger of venom
 s - the +4 flail "Faithorr" {holy, rF- Will+ Int+2}
   (You found it on level 4 of the Dungeon)

   It has been blessed by the Shining One to cause great damage to the undead
   and demons.
   Int:       It affects your intelligence (+2).
   rF:        It makes you vulnerable to fire.
   Will:      It increases your willpower.
Missiles
 d - 174 stones
 n - 37 poisoned darts
Armour
 a - a +0 robe (worn)
 b - a +0 buckler
 k - a +2 hat (worn)
 p - a +0 cloak (worn)
Jewellery
 c - an amulet of the acrobat (around neck)
 i - a ring of magical power (left hand)
Scrolls
 f - a scroll of amnesia {unknown}
 g - 4 scrolls of identify {unknown}
 h - a scroll of acquirement {unknown}
 j - a scroll of silence {unknown}
 r - a scroll of immolation {unknown}
Potions
 l - a potion of degeneration {unknown}
 m - a potion of curing {unknown}
 q - a potion of magic {unknown}


   Skills:
 - Level 2.4 Dodging
 - Level 2.4 Stealth
 + Level 3.6 Shields
 - Level 5.3 Spellcasting
 - Level 5.7 Conjurations
 + Level 3.9 Hexes
 + Level 3.2 Translocations
 + Level 3.2 Ice Magic


You had 2 spell levels left.
You knew the following spells:

 Your Spells              Type           Power      Damage    Failure   Level
a - Magic Dart            Conj           100%       1d8       1%          1
b - Searing Ray           Conj           68%        3d5       1%          2
c - Fulminant Prism       Conj/Hex       14%        3d9       12%         4
d - Iskenderun's Mystic   Conj/Tloc      27%        2d7       14%         4
e - Frozen Ramparts       Ice            42%        1d6       7%          3

Your spell library contained the following spells:

 Spells                   Type           Power      Damage    Failure   Level
 Freeze                   Ice            84%        1d10      2%          1
 Dazzling Flash           Conj/Hex       58%        N/A       3%          3
 Hailstorm                Conj/Ice       28%        3d8       13%         4


Dungeon Overview and Level Annotations

Branches:
Dungeon (4/15)
 Temple: D:4-7

Altars:
Wu Jian

Annotations:
D:4 2 runed translucent doors, Dowan; Duvessa; shadowrider38's ghost, novice PaFi


Message History

Press: ? - help, Shift-Dir - straight line, f - Duvessa
Aim: Duvessa, wielding a +3 rapier of electrocution and wearing a +3 ring mail of cold resistance (asleep, 100% to hit)
The searing ray hits Duvessa.
Duvessa is lightly wounded.
Duvessa shouts! (Press . to maintain the ray.) Dowan shouts!
The searing ray hits Duvessa.
Duvessa is lightly wounded.
Duvessa hits you with a +3 rapier of electrocution.
The searing ray hits Duvessa!
Duvessa is moderately wounded.
Duvessa completely misses you.
The searing ray hits Duvessa.
Duvessa is heavily wounded.
You finish channeling your searing ray.
Duvessa barely misses you.
Unknown command.
Casting: Searing Ray (safe; 1% risk of failure)
Confirm with . or Enter, or press ? or * to list all spells.
Aiming: Searing Ray (safe; 1% risk of failure)
Press: ? - help, Shift-Dir - straight line, f - Dowan, p - Duvessa
Aim: Dowan, wielding a +0 dagger and wearing a +0 robe (73% to hit)
The searing ray hits Duvessa.
Duvessa is heavily wounded.
The searing ray hits Dowan.
Dowan is lightly wounded. (Press . to maintain the ray.) Duvessa hits you with a +3 rapier of electrocution!
You are electrocuted!
* * * LOW HITPOINT WARNING * * *
Dowan gestures at something while chanting.
Okay, then.
Unknown command.
Okay, then.
Unknown command.
As you read the scroll labelled WOOXTI MUUSSE, it crumbles to dust.
You feel a surge of unholy energy.
Duvessa convulses!
Dowan convulses!
It was a scroll of torment.
Duvessa hits you with a +3 rapier of electrocution!
You die...

#########################
.......#............'...)
.......e............#....
.......#@...........#....
.......#............#....
.......#............#)...
...<...#............#....
##################'#####...
#.......#..............#...
#.......#........##.##.#...
#.......#......##.....##...
#.......#....[#............


You could see Duvessa (fast).

Vanquished Creatures
  Edmund (D:4)
  A necrophage (D:4)
  A phantom (D:4)
  5 wights (D:4)
  A howler monkey (D:4)
  2 orc priests
  An orc wizard (D:3)
  Natasha (thrice) (D:3)
  An iguana (D:4)
  A hound skeleton (D:4)
  5 adders
  A worm (D:4)
  5 dart slugs
  9 orcs
  7 ball pythons
  5 endoplasms
  4 giant cockroaches
  3 goblins
  3 hobgoblins
  4 jackals (D:1)
  A quokka (D:2)
  6 bats
  7 frilled lizards
  6 kobolds
  7 rats
90 creatures vanquished.

Vanquished Creatures (others)
  2 plants (D:4)
2 creatures vanquished.

Grand Total: 92 creatures vanquished

Notes
Turn   | Place    | Note
-------+----------+-------------------------------------------
     0 | D:1      | bnorton916 the Deep Elf Conjurer began the quest for the
                  | Orb.
     0 | D:1      | Reached XP level 1. HP: 10/10 MP: 6/6
   271 | D:1      | Reached XP level 2. HP: 15/15 MP: 5/8
   386 | D:1      | Learned a level 2 spell: Searing Ray
  1028 | D:2      | Reached skill level 1 in Shields
  1053 | D:2      | Reached XP level 3. HP: 19/19 MP: 10/10
  1492 | D:2      | Reached skill level 5 in Conjurations
  1769 | D:3      | Noticed Natasha
  1771 | D:3      | Killed Natasha
  1772 | D:3      | Reached XP level 4. HP: 24/24 MP: 12/12
  1917 | D:3      | Learned a level 4 spell: Fulminant Prism
  1922 | D:3      | Learned a level 4 spell: Iskenderun's Mystic Blast
  2131 | D:3      | Reached XP level 5. HP: 28/28 MP: 14/14
  2481 | D:3      | Reached skill level 5 in Spellcasting
  2679 | D:3      | Noticed Natasha
  2684 | D:3      | Killed Natasha
  2711 | D:3      | Noticed Natasha
  2715 | D:3      | Killed Natasha
  2877 | D:3      | Learned a level 3 spell: Frozen Ramparts
  2906 | D:4      | Found an ornate altar of the Wu Jian Council.
  2988 | D:4      | Reached XP level 6. HP: 31/32 MP: 15/15
  3100 | D:4      | Reached skill level 1 in Hexes
  3100 | D:4      | Reached skill level 1 in Translocations
  3100 | D:4      | Reached skill level 1 in Ice Magic
  3205 | D:4      | Reached XP level 7. HP: 36/36 MP: 13/16
  3450 | D:4      | Noticed Edmund
  3460 | D:4      | Killed Edmund
  3787 | D:4      | Found a runed translucent door.
  3809 | D:4      | Found a runed translucent door.
  3818 | D:4      | Noticed shadowrider38's ghost (novice PaFi)
  3984 | D:4      | Identified the +4 flail "Faithorr" {holy, rF- Will+ Int+2}
  4080 | D:4      | Noticed Duvessa
  4080 | D:4      | Noticed Dowan
  4087 | D:4      | Slain by Duvessa

Illustrated notes

Levels and vault maps discovered:
D:1:      dpeg_arrival_fog, layout_loops_ring
D:2:      layout_rooms, minmay_diced_spiral
D:3:      layout_loops_ring, uniq_natasha
D:4:      layout_gridville, nicolae_wu_jian_wuxing_cycle, ebering_ghost_sewer_f,
          serial_bayou_lake_a, uniq_duvessa, uniq_edmund

Skill      XL: |  1  2  3  4  5  6  7 |
---------------+----------------------+-----
Shields        | 1 2 3 |  3.6
Spellcasting   | 4 5 |  5.3
Conjurations   | 5 |  5.7
Hexes          | 2 3 |  3.9
Translocations | 2 3 |  3.2
Ice Magic      | 2 3 |  3.2
Dodging        | |  2.4
Stealth        | |  2.4

Action                   |  1- 3 |  4- 6 |  7- 9 || total
-------------------------+-------+-------+-------++-------
 Cast: Magic Dart        |    69 |    47 |    20 ||   136
       Searing Ray       |     5 |    15 |     8 ||    28
  Use: Scroll            |       |       |     1 ||     1
Armor: Robe              |     1 |     1 |     1 ||     3
Dodge: Dodged            |    19 |    19 |    10 ||    48
